AoeStats
← [GG] Shevchenko 7

Arabian Desert

508975547Analyzed
1v1 RM · 8d ago on Sep 24, 2026· 57m 24s· 2 players
Game mode
Random Map
Map size
Tiny (2 player)
Population
200
Speed
Normal
Resources
Standard
Victory
Conquest
Starting age
Dark Age
Ending age
Imperial Age
RankedLock teamsTeams togetherTeam positionsShared explorationLock speedFull tech treeHidden civsTurbo modeCheats
Victory
Defeat
🇲🇽 Portuguese · Mexico
1092
+16
🇧🇷 Persians · Brazil
1091
-16
[GG] Shevchenko 7
8:27 Loom
11:11 Feudal Age
22:20 Castle Age
25:03 Fletching
31:19 Padded Archer Armor
38:59 Imperial Age
38:21 Husbandry
37:47 Light Cavalry
38:37 Bloodlines
38:07 Crossbowman
42:25 Bodkin Arrow
42:36 Scale Barding Armor
43:26 Elite Skirmisher
50:57 Double-Bit Axe
torresitos12
7:46 Loom
10:37 Feudal Age
13:39 Double-Bit Axe
17:20 Forging
18:45 Fletching
19:57 Gold Mining
23:35 Castle Age
22:26 Scale Mail Armor
23:17 Wheelbarrow
24:25 Bodkin Arrow
23:53 Crossbowman
26:02 Stone Mining
32:30 Man-at-Arms
33:00 Gambesons
34:40 Pikeman
35:10 Long Swordsman
37:07 Iron Casting
36:50 Chain Mail Armor
38:11 Arson
42:36 Imperial Age
44:00 Iron Casting
43:21 Two-Handed Swordsman
46:53 Capped Ram
48:42 Halberdier
54:15 Conscription
53:34 Light Cavalry
56:03 Bloodlines
57:34 Town Watch
Connection lost

Rejoining the realm…

Still unreachable

The connection could not be restored.

Session expired

The server has moved on; the page needs a fresh start.